 Dungeon Crawl Stone Soup version 0.19-a0-503-g45a6586 (webtiles) character file.

1413118 epen the Maledictor (level 26, 70/195 HPs)
             Began as a Vampire Enchanter on June 5, 2016.
             Was a High Priest of Dithmenos.
             Escaped with the Orb
             ... and 3 runes!
             The game lasted 06:28:02 (104599 turns).

epen the Maledictor (Vampire Enchanter)           Turns: 104599, Time: 06:28:02

Health: 70/195     AC: 16    Str:  7      XL:     26   Next: 88%
Magic:  43/43      EV: 23    Int: 23      God:    Dithmenos [*****.]
Gold:   5931       SH: 12    Dex: 20 (22) Spells: 12 memorised, 19 levels left

rFire  + + +     SeeInvis +     S - +9 quick blade (freeze)
rCold  + + +     Gourm    .     b - +2 robe {Archmagi}
rNeg   + + +     Faith    .     L - +3 buckler {rN+}
rPois  ∞         Spirit   .     Y - +2 hat
rElec  +         Dismiss  .     F - +2 cloak {MR+}
rCorr  .         Reflect  +     H - +2 pair of gloves
SustAt .         Harm     .     d - +2 pair of boots "Wivyzura" {rElec rPois rF++ Int-3}
MR     +++..                    J - +4 amulet of reflection
Stlth  ++++++....               u - ring of the Bruised Lives {rC+ Dex+4 Stlth+}
                                Q - ring of protection from fire

@: bloodless, non-regenerating, wreathed by umbra, repel missiles, heavily
drained, extremely resistant to hostile enchantments, very stealthy
A: antennae 2, fangs 3, molten scales 1, see invisible, cold resistance 1,
deterioration 2, wild magic 1, unbreathing
a: Bat Form, Shadow Step, Shadow Form, Renounce Religion
0: Orb of Zot
}: 3/15 runes: serpentine, barnacled, abyssal


You escaped.
You worshipped Dithmenos.
Dithmenos was extremely pleased with you.
You were bloodless.

You visited 11 branches of the dungeon, and saw 52 of its levels.
You visited Pandemonium 1 time, and saw 5 of its levels.
You visited the Abyss 3 times.
You visited 1 bazaar.
You visited 1 ziggurat, and saw 10 of its levels.
You also visited: Volcano.

You collected 8304 gold pieces.
You spent 2373 gold pieces at shops.

Inventory:

Hand Weapons
 S - a +9 quick blade of freezing (weapon)
Armour
 b - a +2 robe of the Archmagi (worn)
 d - the +2 pair of boots "Wivyzura" (worn) {rElec rPois rF++ Int-3}
   (You found it on level 3 of the Depths)

   It affects your intelligence (-3).
   It greatly protects you from fire.
   It insulates you from electricity.
   It protects you from poison.
 t - a +2 robe of fire resistance
 F - a +2 cloak of magic resistance (worn)
 H - a +2 pair of gloves (worn)
 L - a +3 buckler of positive energy (worn)
 Y - a +2 hat (worn)
Jewellery
 c - an uncursed ring of magical power
 m - a +5 ring of intelligence
 p - an uncursed ring of wizardry
 u - the ring of the Bruised Lives (right hand) {rC+ Dex+4 Stlth+}
   (You acquired it on level 1 of the Depths)

   [ring of stealth]

   It affects your dexterity (+4).
   It protects you from cold.
   It makes you more stealthy.
 J - a +4 amulet of reflection (around neck)
 Q - a ring of protection from fire (left hand)
 T - a cursed ring of loudness {unknown}
Wands
 y - a wand of heal wounds (1/9)
 z - a wand of teleportation (4/9)
 R - a wand of digging (0/24)
Scrolls
 f - a scroll of enchant armour
 h - 8 scrolls of fear
 o - a scroll of blinking
 q - 24 scrolls of remove curse
 v - 2 scrolls of vulnerability
 x - 6 scrolls of torment
 I - 3 scrolls of identify
 K - 4 scrolls of fog
 M - 10 scrolls of amnesia
 O - a scroll of silence
 P - 3 scrolls of summoning
 W - 4 scrolls of magic mapping
 X - 4 scrolls of enchant weapon
Potions
 a - 8 potions of blood
 e - 14 potions of might
 g - 3 potions of cure mutation
 l - 12 potions of curing
 n - 7 potions of flight
 r - 5 potions of brilliance
 s - 8 potions of ambrosia
 C - 7 potions of agility
 D - 5 potions of magic
 E - 2 potions of resistance
 Z - a potion of invisibility
Books
 k - the Compendium of Arcane Weapons
   (You found it on level 7 of a ziggurat)

   Spells                             Type                      Level
   a - Magic Dart                     Conjuration                  1
   b - Iskenderun's Mystic Blast      Conjuration                  4
   c - Fulminant Prism                Conjuration/Hexes            4
   d - Iskenderun's Battlesphere      Conjuration/Charms           5
 N - a book of Spatial Translocations

   Spells                             Type                      Level
   a - Apportation                    Translocation                1
   b - Blink                          Translocation                2
   c - Shroud of Golubria             Charms/Translocation         2
   d - Portal Projectile              Translocation                3
   e - Teleport Other                 Translocation                3
   f - Passage of Golubria            Translocation                4
Miscellaneous
 i - a box of beasts
 V - a phial of floods (inert)


   Skills:
 + Level 13.1(11.2) Fighting
 + Level 14.7(12.7) Short Blades
 - Level 5.5(3.9) Throwing
 + Level 15.1(13.1) Dodging
 + Level 20.0(17.7) Stealth
 - Level 4.2(2.7) Shields
 * Level 16.6(14.5) Spellcasting
 - Level 8.6(6.8) Conjurations
 * Level 24.7(22.2) Hexes
 - Level 13.3(11.4) Charms
 - Level 8.4(6.6) Translocations
 - Level 6.9(5.2) Ice Magic
 - Level 11.3(9.4) Air Magic
 - Level 13.2(11.2) Invocations
 - Level 6.0(4.4) Evocations


You had 19 spell levels left.
You knew the following spells:

 Your Spells              Type           Power        Failure   Level  Hunger
a - Blink                 Tloc           N/A          1%          2    None
b - Ensorcelled Hibernat  Hex/Ice        ######       1%          2    None
c - Confuse               Hex            ########     1%          3    None
d - Tukima's Dance        Hex            ########     1%          3    None
e - Dazzling Spray        Conj/Hex       ######       1%          3    None
f - Apportation           Tloc           #######...   1%          1    None
g - Repel Missiles        Chrm/Air       ######       1%          2    None
h - Invisibility          Hex            ########     1%          6    #####..
i - Cause Fear            Hex            ########..   1%          4    None
j - Passage of Golubria   Tloc           N/A          4%          4    None
k - Iskenderun's Battles  Conj/Chrm      #######.     4%          5    ###....
z - Fulminant Prism       Conj/Hex       ########..   1%          4    None


Dungeon Overview and Level Annotations

Branches:
Dungeon (15/15)            Temple (1/1) D:5            Lair (8/8) D:10
 Shoals (4/4) Lair:3        Snake (4/4) Lair:5        Slime (1/6) Lair:6
    Orc (2/2) D:9             Elf (3/3) Orc:2        Vaults (4/5) D:13
  Crypt (0/3) Vaults:2     Depths (5/5) D:15            Zot (5/5) Depths:5

Altars:
Ashenzari
Cheibriados
Dithmenos
Elyvilon
Fedhas
Gozag
Hepliaklqana
Kikubaaqudgha
Makhleb
Nemelex Xobeh
Okawaru
Pakellas
Qazlal
Ru
Sif Muna
Trog
Uskayaw
Vehumet
Xom
Yredelemnul
Zin
The Shining One
Beogh

Shops:
D:5 *   D:8 }   Orc:1 =   Orc:2 [*:(   Elf:2 *   Snake:1 !**

Portals:
Hell: Depths:1 Depths:2 Depths:3 Depths:4 Depths:5
Abyss: Depths:2 Depths:3 Depths:4 Depths:5
Pandemonium: Depths:3 Depths:5

Annotations:
D:12 exclusion: ice statue
Lair:8 exclusion: oklob plant
Shoals:3 Kirke, Nikola
Shoals:4 Ilsuiw
Elf:2 5 runed doors
Depths:4 exclusion: orange crystal statue


Innate Abilities, Weirdness & Mutations

You do not heal naturally.
You are immune to poison.
You have razor-sharp teeth.
You have supernaturally acute eyesight. (SInv)
You can survive without breathing.
You have a pair of antennae on your head.
You are partially covered in molten scales. (AC +1)
Your flesh is cold resistant. (rC+)
Your body often deteriorates upon taking damage.
Your spells are a little harder to cast, but a little more powerful.


Message History

You feel devoid of blood! Yxihicve hits you!!
Your body deteriorates!
You feel clumsy.
You block the large abomination's attack.
Yxihicve gestures at you. You resist with almost no effort.
Unknown command.
Press: ? - help, v - describe, . - travel
Here: Yxihicve (umbra)
The floor.
Unknown command.
You block Yxihicve's attack. Yxihicve gestures at you.
The ball of steam misses you. You block Yxihicve's attack.
There is a staircase leading out of the dungeon here.
Unknown command.
Yxihicve hits you but does no damage.
The large abomination barely misses you.
Yxihicve hits you but does no damage.
You have escaped!

########.##.# #.......#
#)##.#########
#.....##.....#
#......#.###.# #>.....#{#
#.# #......#.###.#### #
#..#####........# #
#....#@#{###.##.#
############.#..X&......#.#
.........# #.#.#.#.######.#
.#######.###.#..........(.#
.# #.......#.#...#.########
.# #.......#.#.....#.....#
.# #.......#.#.#.###.###.#
.# #.......#)#.#.#.#.# #.#
.# #.......#.#.#.#.#.# #.#


You could see Yxihicve and a large abomination.

Vanquished Creatures
  2 ancient liches
  A juggernaut (Zig:7)
  2 greater mummies (Zig:9)
  Saint Roka (Snake:2)
  A shard shrike (Zig:8)
  Vashnia (Snake:2)
  6 golden dragons
  A bone dragon (Depths:5)
  the Enchantress (Depths:3)
  Rupert (D:14)
  Jorgrun (Vaults:1)
  Asterion (Depths:2)
  3 tentacled monstrosities
  3 liches
  4 Orb Guardians
  A titan (Depths:1)
  A deep elf blademaster (Zig:6)
  A deep elf master archer (Elf:3)
  2 sphinxes
  A tentacled starspawn (Abyss:3)
  5 death cobs (Zot:2)
  An eldritch tentacle (Abyss:3)
  A kraken (Shoals:1)
  4 tengu reavers
  5 storm dragons
  11 greater nagas
  Wiglaf (Vaults:1)
  2 draconian monks
  8 fire giants
  Maud (Depths:4)
  A draconian knight (Zot:1)
  10 frost giants
  2 draconian scorchers (Zot:2)
  7 deep elf sorcerers
  Louise (Elf:3)
  3 orc warlords
  Aizul (Elf:3)
  2 draconian zealots
  11 vault wardens
  2 draconian annihilators (Zot:2)
  12 ironheart preservers
  A balrug (Pan)
  4 deep elf elementalists (Elf:3)
  3 spriggan defenders (Depths:3)
  A war gargoyle (Depths:4)
  21 very ugly things
  A draconian caller (Zot:2)
  13 stone giants
  A reaper (Depths:5)
  Nessos (Lair:6)
  2 vampire knights
  4 green draconians
  9 deep elf demonologists
  A dire elephant (D:15)
  2 black draconians
  6 deep elf annihilators (Elf:3)
  6 white draconians
  A yellow draconian (Zot:2)
  3 purple draconians (Zot:2)
  5 mottled draconians
  3 eidola
  13 ettins
  2 jiangshi
  A merfolk javelineer (Shoals:4)
  18 fire dragons
  11 vault guards
  2 green deaths (Pan)
  9 deep elf death magi (Elf:3)
  Josephine (Lair:5)
  A mummy priest (Zig:9)
  4 deep elf high priests (Elf:3)
  3 rakshasas
  5 entropy weavers
  13 ice dragons
  13 yaktaur captains
  Fannar (D:10)
  5 great orbs of eyes
  17 naga warriors
  A quicksilver dragon skeleton (Abyss:2)
  8 hydras
  2 spriggan air magi
  4 death knights
  13 ogre magi
  A ghost crab (shapeshifter) (Depths:4)
  3 merfolk avatars
  5 anacondas
  4 catoblepae
  A merfolk aquamancer (Shoals:1)
  3 centaur warriors
  30 dancing weapons
  17 deep troll earth magi
  7 orc high priests
  7 death yaks
  4 tengu warriors
  An alligator snapping turtle (Shoals:3)
  12 deep troll shamans
  2 spriggan berserkers
  2 thrashing horrors
  4 vampire magi
  24 naga sharpshooters
  8 shock serpents
  Sonja (D:11)
  26 deep elf knights
  A spatial maelstrom (Abyss:3)
  2 iron trolls
  The ghost of Amnesiac the Destroyer, a novice DEWz of Vehumet (D:8)
  A death drake (Depths:4)
  A salamander mystic (Snake:4)
  A spark wasp zombie (Depths:4)
  A wretched star (Abyss:3)
  4 shadow wraiths
  2 skeletal warriors
  A golden dragon zombie (Depths:4)
  7 hell knights
  A spectral anaconda (Depths:4)
  4 large abominations
  3 unseen horrors
  7 flayed ghosts
  7 sea snakes
  9 giant orange brains
  37 deep trolls
  An infernal demonspawn (Pan)
  A sphinx zombie (Zig:8)
  3 harpies
  A swamp dragon (Zig:3)
  A shambling mangrove (Zig:3)
  5 naga ritualists
  An anubis guard (shapeshifter) (Elf:3)
  2 phantasmal warriors (Depths:3)
  20 ironbrand convokers
  32 deep elf archers
  7 orc sorcerers
  51 ugly things
  A tengu zombie (Depths:4)
  9 hill giants
  6 griffons
  3 wolf spiders
  A harpy (shapeshifter) (Vaults:3)
  8 necromancers
  2 oklob plants
  5 fauns
  23 orc knights
  5 wizards
  2 hornets
  8 mana vipers
  A wolf spider (shapeshifter) (Depths:2)
  2 hornets (shapeshifter)
  85 deep elf magi
  8 cyclopes
  5 starcursed masses
  An iron dragon zombie (Zig:8)
  11 manticores
  A fire giant zombie (Zig:8)
  A sphinx skeleton (Zig:8)
  9 moths of wrath
  30 black mambas
  A black mamba (shapeshifter) (Vaults:4)
  7 elephants
  A sixfirhy (D:4)
  9 salamanders
  An elephant (shapeshifter) (Elf:2)
  2 smoke demons
  3 water nymphs
  A siren (Shoals:2)
  7 guardian serpents
  A torpor snail (Lair:4)
  27 naga magi
  A frost giant skeleton (Depths:4)
  A molten gargoyle (Volcano)
  13 vault sentinels
  3 gargoyles
  A rust devil (Depths:5)
  13 spiny frogs
  4 spectral swamp worms (Depths:3)
  An orange demon (Pan)
  A spriggan skeleton (Zig:8)
  8 komodo dragons
  A rime drake (Lair:7)
  2 komodo dragons (shapeshifter)
  34 yaktaurs
  A tormentor (Zig:10)
  An ancient zyme (Abyss:3)
  7 freezing wraiths
  3 demonic crawlers (Pan)
  A red devil (Depths:5)
  5 tengu conjurers
  An elf skeleton (Zig:8)
  2 guardian mummies (Zig:9)
  2 hellwings (Pan)
  An ice devil (Zig:8)
  2 jumping spiders
  A queen bee (shapeshifter) (Depths:3)
  7 trolls
  11 merfolk
  A spectral merfolk (Depths:4)
  16 two-headed ogres
  29 slime creatures
  A troll (shapeshifter) (Elf:1)
  2 wind drakes (Shoals:3)
  A spriggan zombie (Zig:8)
  A snapping turtle (shapeshifter) (Vaults:3)
  23 blink frogs
  5 boulder beetles
  3 snapping turtles
  A hornet zombie (D:13)
  A stone giant simulacrum (Vaults:3)
  2 flying skulls
  2 tarantellas (shapeshifter)
  2 spriggan simulacra (Depths:4)
  7 air elementals
  10 redbacks
  4 shadows
  2 tarantellas
  69 yaks
  15 wraiths
  2 vampires
  A small abomination (Abyss:3)
  7 fire elementals
  3 spriggans
  A wyvern (D:10)
  13 water elementals
  6 basilisks
  A fire bat (shapeshifter) (Vaults:4)
  A human (D:13)
  2 basilisks (shapeshifter)
  4 chaos spawn
  17 hippogriffs
  5 hungry ghosts
  22 vampire mosquitoes
  6 mottled dragons
  15 wargs
  68 nagas
  A swamp worm (shapeshifter) (Depths:5)
  11 porcupines
  16 water moccasins
  2 spectral spriggans (Depths:4)
  3 giant eyeballs
  11 hell hounds
  A swamp drake (Zig:3)
  A black bear (shapeshifter) (Vaults:4)
  2 ice beasts
  3 black bears
  2 phantoms
  4 sky beasts
  2 wasps
  56 orc warriors
  55 ogres
  17 wolves
  2 eyes of draining (shapeshifter)
  A necrophage (D:13)
  11 boggarts
  21 centaurs
  7 big kobolds
  9 crocodiles
  A gnoll sergeant (D:5)
  22 giant frogs
  7 earth elementals
  A water moccasin zombie (D:11)
  A glowing shapeshifter simulacrum (Vaults:4)
  A wyvern skeleton (D:7)
  3 scorpions
  4 spectral ogres (Depths:4)
  13 killer bees
  6 spectral nagas (Depths:4)
  2 vampire bats (D:8)
  A wight (Depths:4)
  3 howler monkeys
  5 centaur zombies
  2 electric eels
  3 spectral centaurs (Depths:4)
  6 crimson imps
  3 giant frog zombies
  9 jellies
  2 quasits (D:5)
  10 two-headed ogre zombies (Orc:1)
  A giant frog skeleton (D:6)
  3 hounds
  2 human simulacra
  25 orc wizards
  2 gnoll shamans (D:5)
  20 orc priests
  2 centaur skeletons
  3 iguanas
  An iron imp (Depths:5)
  9 worker ants
  Natasha (D:2)
  26 sheep
  An ogre zombie (Orc:1)
  41 gnolls
  16 adders
  51 river rats
  3 shadow imps
  A white imp (Vaults:1)
  An ufetubus (Vaults:1)
  16 oozes
  An adder skeleton (D:6)
  3 worms
  2 dart slugs
  6 giant geckos
  85 orcs
  2 ball pythons
  4 bat skeletons (D:8)
  2 bat zombies (D:8)
  5 giant cockroaches
  2 goblins
  9 hobgoblins
  31 jackals
  6 quokkas
  11 bats
  A giant gecko zombie (D:8)
  2 giant newts (D:2)
  A jackal skeleton (D:8)
  43 kobolds
  4 rats
  12 fulminant prisms
  4 fungi
  8 plants
  2 starspawn tentacles (Abyss:3)
2338 creatures vanquished.

Vanquished Creatures (collateral kills)
  A tentacled starspawn (Abyss:3)
  2 reapers (Pan)
  A wizard (D:13)
  A demonic crawler (Pan)
  A warg (Orc:1)
  3 ogres
  4 orc warriors
  An orc priest (Orc:1)
  An orc wizard (Orc:1)
  3 orcs
  2 starspawn tentacles (Abyss:3)
20 creatures vanquished.

Vanquished Creatures (others)
  A deep elf master archer (Elf:3)
  A greater naga (Snake:4)
  A vault warden (Zig:5)
  A vampire knight (Depths:5)
  A stone giant (Vaults:2)
  2 yaktaur captains (Depths:5)
  An ogre mage (Depths:2)
  A deep troll earth mage (Depths:2)
  2 naga sharpshooters
  A deep troll (Depths:2)
  A deep elf archer (Vaults:1)
  An orange crystal statue (Depths:4)
  3 deep elf magi
  A siren (Shoals:3)
  6 yaktaurs
  A freezing wraith (Zig:5)
  A merfolk (Shoals:3)
  A slime creature (Depths:3)
  2 vampire mosquitoes (Vaults:2)
  A warg (shapeshifter) (Depths:4)
  A naga (Snake:3)
  A giant eyeball (shapeshifter) (Elf:3)
  A centaur (Vaults:2)
  2 ogres
  A wight (Depths:4)
  A river rat (Lair:2)
  A shadow imp (D:5)
  86 eldritch tentacle segments (Abyss:3)
  149 fulminant prisms
  33 fungi
  22 plants
  3 starspawn tentacles (Abyss:3)
  107 starspawn tentacle segments (Abyss:3)
  4 tentacles (Shoals:1)
442 creatures vanquished.

Grand Total: 2800 creatures vanquished

Notes
Turn   | Place    | Note
--------------------------------------------------------------
     0 | D:1      | epen the Vampire Enchanter began the quest for the Orb.
     0 | D:1      | Reached XP level 1. HP: 13/13 MP: 3/3
   819 | D:1      | Reached XP level 2. HP: 9/19 MP: 3/5
   823 | D:1      | Learned a level 2 spell: Ensorcelled Hibernation
  1173 | D:1      | Reached XP level 3. HP: 22/25 MP: 2/6
  1178 | D:1      | Learned a level 3 spell: Confuse
  1792 | D:1      | Reached skill level 5 in Hexes
  2188 | D:2      | Noticed Natasha
  2205 | D:2      | HP: 1/25 [kobold/club (2)]
  3004 | D:2      | Killed Natasha
  3004 | D:2      | Reached XP level 4. HP: 31/31 MP: 3/7
  3074 | D:2      | Found a snail-covered altar of Cheibriados.
  3077 | D:2      | Found a sparkling altar of Nemelex Xobeh.
  3327 | D:2      | Reached skill level 1 in Fighting
  3545 | D:2      | HP: 1/32 [gnoll/spear (3)]
  3574 | D:2      | HP: 1/32 [bat (1)]
  3685 | D:2      | Reached skill level 5 in Stealth
  4451 | D:2      | Found a basalt altar of Yredelemnul.
  4656 | D:2      | Reached XP level 5. HP: 25/37 MP: 6/9
  4868 | D:3      | Reached skill level 6 in Hexes
  5347 | D:3      | Learned a level 3 spell: Tukima's Dance
  5468 | D:3      | Found a hazy altar of Hepliaklqana.
  5813 | D:3      | Found a sparkling altar of Nemelex Xobeh.
  5866 | D:3      | Reached XP level 6. HP: 44/44 MP: 1/10
  6818 | D:4      | Found an oddly glowing altar of Pakellas.
  6965 | D:4      | Reached skill level 7 in Hexes
  7099 | D:5      | Entered Level 5 of the Dungeon
  7257 | D:5      | Noticed a sky beast
  7270 | D:5      | Killed a sky beast
  7270 | D:5      | Reached XP level 7. HP: 46/51 MP: 5/12
  7365 | D:5      | Learned a level 3 spell: Dazzling Spray
  7498 | D:5      | Found a staircase to the Ecumenical Temple.
  7505 | Temple   | Entered the Ecumenical Temple
  7682 | D:5      | Found Yhewniv's Assorted Antiques.
  7692 | D:5      | Bought a fizzy black potion for 20 gold pieces
  7692 | D:5      | Bought a scroll labeled GIREPOUCHU for 23 gold pieces
  7692 | D:5      | Bought 3 scrolls labeled QYOTEC EREPS for 69 gold pieces
  7692 | D:5      | Bought a scroll labeled JODIMAASSA for 23 gold pieces
  7692 | D:5      | Bought a blue potion for 20 gold pieces
  7692 | D:5      | Bought 2 bubbling yellow potions for 41 gold pieces
  7692 | D:5      | Bought a glowing orange potion for 20 gold pieces
  8090 | D:5      | Reached skill level 8 in Hexes
  8656 | D:6      | Reached XP level 8. HP: 58/58 MP: 3/13
  8672 | D:6      | Found a stormy altar of Qazlal.
  9196 | D:6      | Got a jewelled ring mail
  9207 | D:6      | Identified the cursed +0 ring mail of the Unseen Realm {SInv Stlth+} (You found it on level 6 of the Dungeon)
  9253 | D:7      | Reached skill level 9 in Hexes
  9429 | D:7      | Reached skill level 1 in Ice Magic
  9823 | D:7      | Reached skill level 1 in Conjurations
  9925 | D:7      | Reached XP level 9. HP: 56/65 MP: 5/15
  9929 | D:7      | Reached skill level 10 in Hexes
 10336 | D:8      | Reached skill level 5 in Short Blades
 10596 | D:8      | Noticed Amnesiac's ghost (novice DEWz)
 10639 | D:8      | Killed Amnesiac's ghost
 10639 | D:8      | Reached skill level 5 in Dodging
 11015 | D:8      | Found an ancient bone altar of Kikubaaqudgha.
 11175 | D:8      | Found Waoket's Gadget Emporium.
 11497 | D:8      | Reached skill level 5 in Spellcasting
 11505 | D:8      | Reached skill level 11 in Hexes
 11646 | D:9      | Found a staircase to the Orcish Mines.
 11656 | D:9      | Found a roughly hewn altar of Beogh.
 11692 | D:9      | Reached XP level 10. HP: 69/73 MP: 6/17
 12163 | D:9      | Reached skill level 5 in Fighting
 12395 | D:9      | Found a shadowy altar of Dithmenos.
 12407 | D:9      | Became a worshipper of Dithmenos the Shadowed
 12606 | D:9      | Reached skill level 12 in Hexes
 12997 | D:10     | Entered Level 10 of the Dungeon
 13310 | D:10     | Reached skill level 10 in Stealth
 13495 | D:10     | Found a staircase to the Lair.
 13982 | D:10     | Noticed a hill giant
 14003 | D:10     | Killed a hill giant
 14003 | D:10     | Reached skill level 1 in Invocations
 14003 | D:10     | Reached XP level 11. HP: 72/80 MP: 13/19
 14202 | D:10     | Reached XP level 12. HP: 88/88 MP: 19/22
 14217 | D:11     | Reached * piety under Dithmenos
 14227 | D:11     | Noticed Sonja
 14235 | D:11     | Killed Sonja
 15009 | D:5      | Reached ** piety under Dithmenos
 15248 | D:11     | Noticed Fannar
 15271 | D:10     | Killed Fannar
 15576 | D:11     | Reached skill level 5 in Ice Magic
 15654 | D:11     | Reached skill level 13 in Hexes
 15694 | D:11     | Learned a level 2 spell: Blink
 15696 | D:11     | Learned a level 1 spell: Apportation
 15781 | D:11     | Reached skill level 5 in Invocations
 15884 | D:11     | Reached *** piety under Dithmenos
 16223 | D:12     | Reached skill level 1 in Translocations
 17385 | Lair:1   | Entered Level 1 of the Lair of Beasts
 17508 | Lair:1   | Reached **** piety under Dithmenos
 17524 | Lair:1   | Reached XP level 13. HP: 95/95 MP: 24/24
 18281 | Lair:1   | Identified 3 scrolls of acquirement
 18282 | Lair:1   | Got a slimy hunting sling
 18283 | Lair:1   | Identified the +4 hunting sling of Contradiction {freeze, *Drain rN+ MR+ Int+4} (You acquired it on level 1 of the Lair of Beasts)
 18416 | Lair:2   | Found a dark tunnel.
 18421 | Volcano  | Entered a volcano
 18574 | Volcano  | Found a burning altar of Makhleb.
 20281 | Lair:3   | Reached ***** piety under Dithmenos
 20289 | Lair:3   | Found a staircase to the Shoals.
 20304 | Lair:3   | Reached skill level 14 in Hexes
 20840 | Shoals:1 | Entered Level 1 of the Shoals
 21165 | Lair:4   | Reached skill level 1 in Evocations
 21806 | Lair:4   | Found a runed door.
 22563 | Lair:5   | Found a staircase to the Snake Pit.
 22609 | Lair:5   | Reached skill level 5 in Conjurations
 22860 | Lair:5   | Noticed Josephine
 22904 | Lair:5   | Killed Josephine
 23686 | Lair:6   | Reached XP level 14. HP: 103/103 MP: 16/26
 23772 | Lair:6   | Noticed Nessos
 23791 | Lair:6   | Killed Nessos
 23921 | Lair:6   | Found a staircase to the Slime Pits.
 24389 | Lair:6   | Reached skill level 5 in Translocations
 24761 | Slime:1  | Entered Level 1 of the Pits of Slime
 25029 | Lair:7   | Gained mutation: You are partially covered in molten scales. (AC +1) [potion of mutation]
 25029 | Lair:7   | Gained mutation: You have a pair of small antennae on your head. [potion of mutation]
 25029 | Lair:7   | Gained mutation: Your magical capacity is low. (-10% MP) [potion of mutation]
 25105 | Lair:7   | Reached ****** piety under Dithmenos
 26229 | Lair:7   | Reached skill level 15 in Hexes
 26682 | Lair:8   | Entered Level 8 of the Lair of Beasts
 29318 | Lair:8   | Got a heavily runed steel amulet
 29322 | Lair:8   | Identified the amulet of Scepticism {Reflect rPois Str+7 Dex-5 SH+4} (You found it on level 8 of the Lair of Beasts)
 29776 | Orc:1    | Entered Level 1 of the Orcish Mines
 30607 | Orc:2    | Entered Level 2 of the Orcish Mines
 30607 | Orc:2    | Found Povomai's Antique Weapon Shoppe.
 30607 | Orc:2    | Noticed an orc warlord
 30872 | Orc:2    | Reached XP level 15. HP: 110/110 MP: 11/25
 30918 | Orc:2    | Killed an orc warlord
 31061 | Orc:2    | Found Topicho's Antique Armour Emporium.
 31091 | Orc:2    | Bought a pair of embroidered gloves for 148 gold pieces
 31253 | Orc:2    | Found Seoden's General Store.
 31258 | Orc:2    | Found a staircase to the Elven Halls.
 31441 | Orc:2    | Found Puodih's Book Shoppe.
 32652 | Orc:1    | DIGGING PLS
 32842 | Orc:1    | Found Imaen's Jewellery Emporium.
 32926 | Orc:2    | Bought 2 scrolls of enchant weapon for 195 gold pieces
 32926 | Orc:2    | Bought a potion of agility for 52 gold pieces
 32926 | Orc:2    | Bought a scroll of identify for 26 gold pieces
 32926 | Orc:2    | Bought a scroll of enchant armour for 97 gold pieces
 33199 | D:13     | Reached skill level 16 in Hexes
 34375 | D:13     | Found a gate to the Vaults.
 34745 | D:14     | Noticed Rupert
 35260 | D:14     | Killed Rupert
 35554 | D:15     | Entered Level 15 of the Dungeon
 36037 | D:15     | Found a shimmering altar of Xom.
 36323 | D:15     | Found a staircase to the Depths.
 37115 | D:15     | Reached skill level 10 in Spellcasting
 37291 | Orc:2    | Bought a book of Air for 455 gold pieces
 37295 | Orc:2    | Learned a level 2 spell: Repel Missiles
 37307 | Elf:1    | Entered Level 1 of the Elven Halls
 37926 | Elf:1    | Reached XP level 16. HP: 111/118 MP: 15/27
 38707 | Elf:1    | FIIIIRE
 38768 | Elf:1    | sweet dream
 39052 | Elf:2    | Found Naghokho's General Store.
 41686 | Elf:1    | Reached skill level 17 in Hexes
 42865 | Elf:1    | HP: 5/118 [burnt (1)]
 43806 | Elf:1    | Reached skill level 10 in Dodging
 45649 | Elf:1    | Reached skill level 10 in Short Blades
 46811 | Elf:2    | Bought a potion of agility for 56 gold pieces
 46811 | Elf:2    | Bought a scroll of identify for 28 gold pieces
 46822 | Elf:2    | Identified the Handbook of Aerial Bewitchment (You found it on level 2 of the Elven Halls)
 47478 | Elf:1    | Reached skill level 5 in Evocations
 49047 | Elf:2    | Reached skill level 1 in Shields
 49919 | Elf:2    | Found a huge runed gate.
 49922 | Elf:2    | Found a huge runed gate.
 49922 | Elf:2    | Found a huge runed gate.
 49924 | Elf:2    | Found a huge runed gate.
 49924 | Elf:2    | Found a huge runed gate.
 50054 | Elf:2    | Reached skill level 10 in Invocations
 50054 | Elf:2    | Reached XP level 17. HP: 125/125 MP: 28/28
 50065 | Elf:3    | Entered Level 3 of the Elven Halls
 50215 | Elf:3    | Noticed Aizul
 50268 | Elf:3    | Killed Aizul
 51234 | Elf:3    | Noticed Louise
 51240 | Elf:3    | Killed Louise
 51392 | Elf:3    | Noticed a deep elf blademaster
 53177 | Elf:3    | Reached skill level 1 in Air Magic
 53462 | Elf:3    | Cast into level 4 of the Abyss (a deep elf sorcerer)
 53465 | Abyss:4  | Found a corrupted altar of Lugonu.
 53498 | Elf:3    | Escaped the Abyss
 53503 | Elf:3    | Got a bound bone amulet
 54741 | Elf:2    | HP: 1/126 [battlesphere[a deep elf mage] (11)]
 56317 | Elf:3    | Reached skill level 1 in Throwing
 56424 | Elf:3    | Noticed a deep elf blademaster
 56462 | Elf:3    | Reached skill level 18 in Hexes
 56589 | Elf:3    | Noticed a deep elf master archer
 57749 | Elf:3    | Killed a deep elf master archer
 57967 | Elf:3    | Noticed a deep elf master archer
 57984 | Elf:3    | Reached skill level 5 in Charms
 58221 | Elf:3    | Reached skill level 15 in Stealth
 59843 | Elf:3    | Killed a deep elf master archer
 59929 | Elf:3    | Learned a level 6 spell: Invisibility
 59939 | Elf:3    | Identified the Almanac of Damage Dealing (You found it on level 3 of the Elven Halls)
 59948 | Elf:3    | Identified the amulet of Erchaff {Spirit Int+3 Dex+3} (You took it off a deep elf mage on level 3 of the Elven Halls)
 59988 | Elf:3    | Noticed a Hell Sentinel
 60133 | Elf:3    | Reached XP level 18. HP: 133/133 MP: 14/30
 61922 | Shoals:1 | Found a radiant altar of Vehumet.
 62894 | Shoals:2 | Found a sacrificial altar of Ru.
 63461 | Shoals:3 | Noticed Nikola
 63623 | Shoals:4 | Entered Level 4 of the Shoals
 64219 | Shoals:4 | Noticed Ilsuiw
 64251 | Shoals:4 | Got a barnacled rune of Zot
 64273 | Shoals:3 | Noticed Kirke
 64531 | Snake:1  | Entered Level 1 of the Snake Pit
 64584 | Snake:1  | Found a glowing silver altar of Zin.
 64765 | Snake:1  | Found Juvaff's General Store.
 64865 | Snake:1  | Found Geehiz's Assorted Antiques.
 64868 | Snake:1  | Bought a heavily runed iron ring for 120 gold pieces
 64868 | Snake:1  | Bought a scroll of identify for 48 gold pieces
 64868 | Snake:1  | Bought a scroll of amnesia for 84 gold pieces
 64868 | Snake:1  | Bought a scroll of fear for 84 gold pieces
 64868 | Snake:1  | Identified the ring "Xaoquir" {*Tele +Inv MR- Dex+2 Slay+5} (You bought it in a shop on level 1 of the Snake Pit)
 65154 | Snake:1  | Found Tihyfaunt's Distillery.
 65162 | Snake:1  | Bought a potion of heal wounds for 75 gold pieces
 65162 | Snake:1  | Bought a potion of might for 60 gold pieces
 65162 | Snake:1  | Bought a potion of curing for 45 gold pieces
 65166 | Snake:1  | Bought a potion of mutation for 37 gold pieces
 65166 | Snake:1  | Bought a potion of mutation for 37 gold pieces
 65170 | Snake:1  | Gained mutation: Armour fits poorly on your strangely shaped body. [potion of mutation]
 65170 | Snake:1  | Gained mutation: Your flesh is cold resistant. (rC+) [potion of mutation]
 65171 | Snake:1  | Gained mutation: You expend magic power (3 MP) to strengthen your wands. [potion of mutation]
 65171 | Snake:1  | Gained mutation: You are agile. (Dex +2) [potion of mutation]
 65867 | Snake:2  | Noticed Vashnia
 65882 | Snake:2  | Killed Vashnia
 65994 | Snake:2  | Noticed Saint Roka
 66085 | Snake:2  | Killed Saint Roka
 66085 | Snake:2  | Reached skill level 19 in Hexes
 66692 | Snake:3  | Learned a level 4 spell: Fulminant Prism
 66746 | Snake:3  | Found an opulent altar of Gozag.
 67095 | Snake:3  | Reached XP level 19. HP: 98/140 MP: 2/31
 68187 | Snake:4  | Entered Level 4 of the Snake Pit
 68825 | Snake:4  | Got a steaming ivory ring
 68826 | Snake:4  | Identified the ring "Votoc" {rElec MR+++ MP+9 Str-4 Int-3} (You found it on level 4 of the Snake Pit)
 68991 | Snake:4  | Learned a level 4 spell: Cause Fear
 69021 | Snake:4  | Reached skill level 5 in Air Magic
 69871 | Snake:4  | Reached skill level 5 in Throwing
 69902 | Snake:4  | Reached skill level 10 in Fighting
 72765 | Snake:4  | Got a serpentine rune of Zot
 73598 | Depths:1 | Entered Level 1 of the Depths
 73926 | Depths:1 | Found a gateway to a ziggurat.
 74563 | Vaults:1 | Entered Level 1 of the Vaults
 74836 | Vaults:1 | Learned a level 4 spell: Passage of Golubria
 75159 | Vaults:1 | Noticed Jorgrun
 75165 | Vaults:1 | Killed Jorgrun
 75165 | Vaults:1 | Reached XP level 20. HP: 147/147 MP: 32/32
 75224 | Vaults:1 | Found a bloodstained altar of Trog.
 75271 | Vaults:1 | Noticed Wiglaf
 76275 | Vaults:1 | Killed Wiglaf
 77147 | Vaults:1 | Noticed a Tzitzimitl
 77155 | Vaults:1 | Noticed a Tzitzimitl
 77203 | Vaults:1 | Reached skill level 20 in Hexes
 78853 | Vaults:2 | Found an iron altar of Okawaru.
 78983 | Vaults:2 | Found a staircase to the Crypt.
 80177 | Vaults:2 | Reached skill level 10 in Charms
 80665 | Vaults:3 | Found a flickering gateway to a bazaar.
 80680 | Bazaar   | Entered a bazaar
 80694 | Bazaar   | Found Kaiwuen's Magic Scroll Shoppe.
 80698 | Bazaar   | Bought a scroll of enchant weapon for 90 gold pieces
 80698 | Bazaar   | Bought a scroll of identify for 24 gold pieces
 80698 | Bazaar   | Bought a scroll of identify for 24 gold pieces
 80698 | Bazaar   | Bought a scroll of teleportation for 36 gold pieces
 80698 | Bazaar   | Bought a scroll of teleportation for 36 gold pieces
 80709 | Bazaar   | Found Nemupu Kewyi's Armour Shoppe.
 80709 | Bazaar   | Found Ismey's Gadget Emporium.
 80730 | Bazaar   | Found Axke's Weapon Shoppe.
 80730 | Bazaar   | Found Norejun's Antique Armour Emporium.
 80740 | Bazaar   | Bought a hat for 124 gold pieces
 80740 | Bazaar   | Bought a sheer robe for 176 gold pieces
 80745 | Bazaar   | Identified the cursed -5 robe of Misfortune {-Cast *Contam *Tele EV-4 Str-2 Int-2 Dex-2 Stlth-- *Curse} (You bought it in a shop in a bazaar)
 81104 | Vaults:3 | Reached XP level 21. HP: 138/154 MP: 20/34
 83200 | Depths:1 | Found a gateway to Hell.
 83699 | Zig:1    | Entered Level 1 of a ziggurat
 83726 | Zig:2    | Entered Level 2 of a ziggurat
 83740 | Zig:3    | Entered Level 3 of a ziggurat
 84173 | Zig:3    | Gained mutation: You have a pair of antennae on your head. [potion of beneficial mutation]
 84198 | Zig:3    | Got a faintly glowing silver ring
 84210 | Zig:3    | Identified the ring of Fighting Over It {Wiz +Fly rPois rF- Dex-5} (You found it on level 3 of a ziggurat)
 84217 | Zig:4    | Entered Level 4 of a ziggurat
 84257 | Zig:4    | Got an ancient cloak
 84259 | Zig:4    | Identified the +0 cloak of the Blizzard {+Inv} (You acquired it on level 4 of a ziggurat)
 84281 | Zig:5    | Entered Level 5 of a ziggurat
 84298 | Zig:5    | Reached skill level 21 in Hexes
 84368 | Zig:5    | Gained mutation: You are dopey. (Int -2) [mutagenic glow]
 84370 | Zig:6    | Entered Level 6 of a ziggurat
 84424 | Zig:7    | Entered Level 7 of a ziggurat
 84430 | Zig:7    | Noticed a juggernaut
 84433 | Zig:7    | Killed a juggernaut
 84492 | Zig:7    | Identified the Compendium of Arcane Weapons (You found it on level 7 of a ziggurat)
 84500 | Zig:7    | Learned a level 5 spell: Iskenderun's Battlesphere
 84774 | Zig:7    | Learned a level 4 spell: Iskenderun's Mystic Blast
 84780 | Zig:8    | Entered Level 8 of a ziggurat
 84789 | Zig:8    | Noticed a shard shrike
 84792 | Zig:8    | Killed a shard shrike
 84792 | Zig:8    | Reached XP level 22. HP: 161/161 MP: 35/36
 84843 | Zig:8    | Got a warped golden ring
 84845 | Zig:8    | Identified the ring of Ujoeqi {Ice rPois} (You found it on level 8 of a ziggurat)
 84864 | Zig:8    | Reached XP level 23. HP: 92/169 MP: 37/37
 84867 | Zig:8    | Identified the Compendium of Creation and Transmutation (You found it on level 8 of a ziggurat)
 84879 | Zig:9    | Entered Level 9 of a ziggurat
 84888 | Zig:9    | Noticed a greater mummy
 84890 | Zig:9    | Noticed a greater mummy
 84891 | Zig:9    | Killed a greater mummy
 84893 | Zig:9    | Killed a greater mummy
 84910 | Zig:9    | Got a fine robe
 84912 | Zig:10   | Entered Level 10 of a ziggurat
 85810 | Zig:10   | Noticed an ancient lich
 85856 | Zig:10   | Killed an ancient lich
 86027 | Depths:1 | Identified the cursed +1 robe of the Nightingale {Str+2 Dex+4} (You found it on level 9 of a ziggurat)
 86032 | Depths:1 | Got a faintly glowing copper ring
 86033 | Depths:1 | Identified the ring of the Bruised Lives {rC+ Dex+4 Stlth+} (You acquired it on level 1 of the Depths)
 86089 | Depths:2 | Noticed Asterion
 86461 | Depths:2 | Found a one-way gate to the infinite horrors of the Abyss.
 87413 | Depths:2 | Paralysed by a giant eyeball for 3 turns
 87858 | Depths:2 | Killed Asterion
 89185 | Depths:3 | Reached skill level 10 in Air Magic
 89393 | Depths:3 | Reached skill level 22 in Hexes
 89671 | Depths:3 | Noticed the Enchantress
 89677 | Depths:3 | Killed the Enchantress
 89721 | Depths:3 | Got a faerie dragon armour
 89726 | Depths:3 | Identified the +1 faerie dragon armour {rPois MR- Str-2 Int+10} (You took it off the Enchantress on level 3 of the Depths)
 89986 | Depths:3 | Found a one-way gate leading to the halls of Pandemonium.
 90227 | Depths:3 | Got a bound bone ring
 90439 | Depths:3 | Identified the ring of Xinoj {+Blink MP+9 Int-4 Stlth+} (You took it off a deep elf demonologist on level 3 of the Depths)
 90442 | Depths:3 | Got a pair of warped boots
 90454 | Depths:3 | Identified the +2 pair of boots "Wivyzura" {rElec rPois rF++ Int-3} (You found it on level 3 of the Depths)
 90661 | Depths:3 | Reached XP level 24. HP: 176/176 MP: 8/37
 93193 | Depths:5 | Entered Level 5 of the Depths
 93502 | Depths:5 | Reached skill level 15 in Spellcasting
 94274 | Depths:5 | Found a gate to the Realm of Zot.
 94921 | Depths:5 | Voluntarily entered the Abyss.
 95081 | Abyss:2  | Found a corrupted altar of Lugonu.
 95608 | Abyss:3  | Found a corrupted altar of Lugonu.
 95790 | Abyss:3  | Got an abyssal rune of Zot
 95806 | Depths:5 | Escaped the Abyss
 96268 | Zot:1    | Entered Level 1 of the Realm of Zot
 96470 | Depths:5 | Lost mutation: You are dopey. (Int -2) [potion of cure mutation]
 96470 | Depths:5 | Lost mutation: You are agile. (Dex +2) [potion of cure mutation]
 96470 | Depths:5 | Lost mutation: You expend magic power (3 MP) to strengthen your wands. [potion of cure mutation]
 96470 | Depths:5 | Lost mutation: Your magical capacity is low. (-10% MP) [potion of cure mutation]
 96470 | Depths:5 | Lost mutation: Armour fits poorly on your strangely shaped body. [potion of cure mutation]
 96501 | Pan      | Entered Pandemonium
 96669 | Pan      | Found an exit through the horrors of the Abyss.
 97746 | Pan      | Found an exit through the horrors of the Abyss.
 97753 | Pan      | Took an exit into the Abyss.
 97753 | Abyss:1  | Escaped into the Abyss
 97814 | Depths:5 | Escaped the Abyss
 97842 | Depths:5 | Reached skill level 23 in Hexes
 97853 | Depths:4 | Noticed an ancient lich
 97855 | Depths:4 | Killed an ancient lich
 98817 | Depths:4 | Reached XP level 25. HP: 118/184 MP: 42/42
 99210 | Depths:4 | Noticed Maud
 99215 | Depths:4 | Killed Maud
 99345 | Depths:4 | Reached XP level 26. HP: 193/193 MP: 41/42
101937 | Zot:1    | Reached skill level 24 in Hexes
102148 | Zot:2    | Gained mutation: Your body sometimes deteriorates upon taking damage. [mutagenic glow]
103506 | Zot:2    | Reached skill level 15 in Dodging
103601 | Zot:4    | Noticed an orb of fire
103618 | Zot:5    | Entered Level 5 of the Realm of Zot
103706 | Zot:5    | Noticed an ancient lich
103712 | Zot:5    | Noticed an orb of fire
103713 | Zot:5    | Noticed an ancient lich
103713 | Zot:5    | Noticed an orb of fire
103714 | Zot:5    | Noticed an orb of fire
103714 | Zot:5    | Noticed an orb of fire
103714 | Zot:5    | Noticed an orb of fire
103723 | Zot:5    | Got the Orb of Zot
103738 | Zot:5    | Noticed an ancient lich
103739 | Zot:5    | Noticed Gajugat the pandemonium lord
103754 | Zot:5    | Noticed an ancient lich
103794 | Zot:4    | Gained mutation: Your spells are a little harder to cast, but a little more powerful. [an orb of fire]
103795 | Zot:4    | Gained mutation: Your body often deteriorates upon taking damage. [an orb of fire]
104594 | D:1      | Noticed Yxihicve the pandemonium lord
104599 | D:$      | Escaped with the Orb!

Vault maps used:
D:1:      saegor_arrival_simple_a
D:2:      minitemple, lemuel_round_altar, first_bread, uniq_natasha
D:3:      wad_pebble_path, lemuel_crystal_altar, nemelex_dance_club_becter
D:4:      kennysheep_little_box
D:5:      lemuel_castle_with_subvaults, minmay_temple_entry_nine_rooms,
          serial_shops, shop_statue
D:6:      nicolae_overflow_crystal_walls
D:7:      lemuel_ice_spiral_2
D:8:      kennysheep_vampire_church, serial_shops, shop_fountains
D:9:      kennysheep_mini, minmay_orc_entry_temple_small
D:10:     erik_lair_orcish_takeover, the_bakery
D:11:     uniq_sonja, uniq_fannar
D:12:     minmay_statue_bubble
D:13:     grunt_vaults_entry_fortified
D:14:     uniq_rupert
D:15:     hangedman_depths_entry_try_elsewhere_first,
          hangedman_decor_clover_reticule, xom_teletrap_fun
Temple:   water_room_temple_a_12
Lair:1:   lemuel_fruit_tree, grunt_megastairs_1, infiniplex_staircase_pool_2
Lair:2:   nicolae_volcano_entry_s_turn
Lair:3:   minmay_shoals_entry_beasts
Lair:4:   minivault_25, pf_torpor_hydra
Lair:5:   guppyfry_snake_entry_garden, columned_hall_lemuel, grunt_megastairs_4,
          uniq_josephine
Lair:6:   minmay_slime_entry_pillars, serial_bayou_pond_a, uniq_nessos
Lair:7:   lemuel_slime, st_stairs_3
Lair:8:   evilmike_catoblepas_cave, serial_bayou_shore_a, lemuel_fruit_fields,
          bh_autumn_forest_stairs
Shoals:1: lemuel_centaur_altar
Shoals:2: lemuel_oklob_altar
Shoals:3: nicolae_shoals_isolated_beach, uniq_nikola, uniq_kirke
Shoals:4: shoals_end_simple, shoals_ilsuiw_ice, uniq_polyphemus
Snake:1:  special_room, basic_altar, serial_shops, nicolae_shop_behind_doors,
          nicolae_shop_stone, nicolae_shop_trees, spider_trap
Snake:2:  uniq_saint_roka, uniq_vashnia
Snake:3:  basic_altar, st_stairs_10, statue_in_the_mist_lemuel, stair_cage_line,
          grunt_ministairs_9
Snake:4:  snake_pit
Slime:1:  nicolae_slime_phagocytosis
Orc:1:    lemuel_ogre_cave, serial_shops, shop, mines3_lemuel
Orc:2:    grunt_orc_gardens, grunt_orc_garden, grunt_orc_garden,
          grunt_orc_garden, grunt_orc_garden
Elf:1:    minmay_elf_arrival_summoners, evilmike_minifort
Elf:2:    serial_shops, nicolae_shop_statue_plus, small_chamber_with_monster
Elf:3:    grunt_elf_hall_spiral, uniq_aizul, uniq_louise
Vaults:1: v_alt_pattern_2, ontoclasm_vaults_bender, serial_ice_m, v_misc_24,
          vaults_dpeg_spiral, nicolae_vaults_statue_guard,
          nicolae_vaults_shelves_hall, vaults_dpeg_cross, v_misc_10,
          nicolae_vaults_rhombus_6, basic_altar, uniq_jorgrun, uniq_wiglaf
Vaults:2: ontoclasm_vaults_spin, st_hourglassy, hangedman_vaults_hat,
          minmay_crypt_entry_nasty_monster, v_alt_pattern_6,
          nicolae_vaults_three_branches, nicolae_vaults_alarming, basic_altar
Vaults:3: hangedman_vaults_stagger, v_alt_pattern_6,
          nicolae_vaults_network_square, v_misc_27, v_misc_15, st_smaller_cells,
          grunt_vaults_trifunnel, hangedman_vaults_corner,
          nicolae_vaults_little_squares_6, nicolae_vaults_rhombus_5,
          serial_shops, bzr_entry_islet
Vaults:4: vaults_standard_mumra_enter_the_diamond, vaults_mumra_hex,
          vaults_mumra_minichess, v_misc_17, v_alt_pattern_2,
          nicolae_vaults_twisting_passages, nicolae_vaults_network_periphery,
          serial_ice_h, st_octagons_2, nicolae_vaults_inception_statues,
          vaults_room_door_ring, vaults_dpeg_diagonal
Depths:1: enter_ziggurat_b, hell_entry, grunt_decor_resistance, kb_rosetta,
          grunt_megastairs_3
Depths:2: minmay_open_boxes_in_corner, abyss_entry, hell_entry,
          dk_noncrumbling_3, grunt_megastairs_2, infiniplex_staircase_zigzag_5,
          serial_bayou_shore_b, uniq_asterion
Depths:3: grunt_crosshair, pan_entry, pf_hell_entry_tar_river, abyss_entry,
          minmay_door_square, st_stairs_9, kennysheep_small_circle,
          minmay_staircase_windowed_large, serial_bayou_shore_b,
          uniq_enchantress
Depths:4: lemuel_river_lethe, abyss_entry, hell_entry
Depths:5: evilmike_zot_entry_basic, abyss_entry_small_statue_room,
          rand_demon_pan_entry_4, serial_glass, glass_columns_a,
          glass_columns_c, glass_columns_b, glass_columns_a, glass_columns_c,
          glass_columns_a, grunt_hell_entry_dis_mu
Zot:2:    grunt_megastairs_5
Zot:4:    lemuel_draconian_sentries, grunt_ministairs_1, guppyfry_library_mini
Abyss:2:  bh_abyss_exit_grid
Abyss:3:  minivault_25_ag, hangedman_abyss_batty_box
Abyss:4:  evilmike_abyss_rune_ettins, guppyfry_abyss_exit_glass_guarded,
          serial_sigils_hangedman_snap, bh_abyss_negative
Pan:      evilmike_mini_pan_rooms, grunt_pan_zigzag, rand_demon_4,
          pan_blood_fountain_2, evilmike_mini_pan_corner,
          nicolae_pan_gloorx_vloqian_1, rand_demon_2, pan_blood_fountain_small
Zig:3:    ziggurat_pillar_centre_c
Bazaar:   bazaar_short_row
Volcano:  volcano_lake

Skill      XL: |  1  2  3  4  5  6  7  8  9 10 11 12 13 14 15 16 17 18 19 20 21 22 23 24 25 26 |
---------------+-------------------------------------------------------------------------------+-----
Hexes          | 5 6 7 8 9 11 12 13 14 15 16 17 18 19 20 21 22 23 24 | 24.7
Short Blades   | 2 3 4 5 6 7 8 9 10 11 12 13 14 | 14.7
Fighting       | 1 2 3 4 5 6 7 8 9 10 11 12 13 | 13.1
Stealth        | 5 6 7 8 10 11 12 13 14 15 16 17 18 19 20 | 20.0
Spellcasting   | 3 4 5 7 8 9 10 11 12 13 14 15 16 | 16.6
Dodging        | 3 4 5 6 7 8 9 10 11 12 13 14 15 | 15.1
Ice Magic      | 2 3 4 5 6 |  6.9
Conjurations   | 1 2 3 4 5 6 7 8 |  8.6
Invocations    | 1 4 5 6 7 8 10 11 12 13 | 13.2
Charms         | 3 5 7 8 10 11 12 13 | 13.3
Translocations | 2 4 5 7 8 |  8.4
Evocations     | 2 3 4 5 6 |  6.0
Shields        | 1 4 |  4.2
Air Magic      | 2 4 6 7 9 10 11 | 11.3
Throwing       | 2 4 5 |  5.5

Action                   |  1- 3 |  4- 6 |  7- 9 | 10-12 | 13-15 | 16-18 | 19-21 | 22-24 | 25-27 || total
-------------------------+-------+-------+-------+-------+-------+-------+-------+-------+-------++-------
Melee: Dagger            |    72 |   292 |   337 |   744 |    84 |       |       |       |       ||  1529
       Bite              |     8 |    22 |    32 |    77 |   196 |   121 |   183 |   244 |    74 ||   957
       Quick blade       |       |       |       |       |  1935 |  1215 |  1594 |  1593 |   558 ||  6895
 Fire: Blowgun           |       |       |       |       |    17 |     3 |       |       |       ||    20
Throw: Throwing net      |       |       |       |       |       |     4 |     3 |     2 |       ||     9
 Cast: Corona            |     6 |       |       |       |       |       |       |       |       ||     6
       Ensorcelled Hiber |    16 |    33 |    23 |    32 |    76 |    18 |     1 |       |       ||   199
       Confuse           |     5 |    28 |    58 |   127 |   298 |   206 |   184 |   213 |    65 ||  1184
       Dazzling Spray    |       |       |     5 |     8 |   110 |   445 |   218 |   130 |    41 ||   957
       Tukima's Dance    |       |       |     3 |     2 |     8 |       |       |     5 |       ||    18
       Blink             |       |       |       |     1 |     9 |    23 |     5 |     8 |     3 ||    49
       Apportation       |       |       |       |       |     1 |     1 |       |       |     2 ||     4
       Repel Missiles    |       |       |       |       |     1 |     8 |     3 |     2 |     2 ||    16
       Fulminant Prism   |       |       |       |       |       |    14 |   111 |    32 |     5 ||   162
       Invisibility      |       |       |       |       |       |     6 |    23 |    16 |    11 ||    56
       Passage of Golubr |       |       |       |       |       |       |     2 |       |    10 ||    12
       Iskenderun's Batt |       |       |       |       |       |       |     1 |    16 |       ||    17
       Iskenderun's Myst |       |       |       |       |       |       |     1 |       |       ||     1
Invok: Shadow Step       |       |       |       |       |     4 |     4 |     4 |    14 |     6 ||    32
       Shadow Form       |       |       |       |       |       |     1 |       |     1 |     2 ||     4
 Abil: End Transformatio |     1 |       |       |       |     4 |    15 |       |     2 |     2 ||    24
       Bat Form          |     1 |       |       |       |     4 |    14 |       |     1 |     2 ||    22
       Stop Flying       |       |       |       |       |       |     3 |     1 |       |       ||     4
       Evoke Flight      |       |       |       |       |       |     2 |     2 |       |       ||     4
Evoke: Box of beasts     |       |       |       |       |       |     4 |       |     4 |       ||     8
       Phial of floods   |       |       |       |       |       |     1 |       |       |     1 ||     2
       Wand              |       |       |       |       |       |     2 |     1 |    16 |     7 ||    26
  Use: Potion            |     1 |       |     1 |     1 |     1 |    25 |    11 |    19 |    16 ||    75
       Scroll            |       |       |    17 |    14 |    18 |    26 |    19 |    23 |    10 ||   127
 Stab: Sleeping          |    17 |    36 |    33 |    45 |   180 |   105 |    71 |    81 |    41 ||   609
       Confused          |     2 |    11 |    40 |    77 |   245 |    82 |   122 |   132 |    39 ||   750
       Invisible         |       |       |       |     5 |    34 |   107 |   186 |   108 |    97 ||   537
       Distracted        |       |       |       |     3 |     2 |     4 |     5 |    10 |     3 ||    27
       Held in net/web   |       |       |       |       |       |       |     3 |     1 |       ||     4
Armor: Robe              |    12 |    72 |    52 |    68 |   109 |   102 |    72 |    94 |    39 ||   620
Dodge: Dodged            |    47 |   173 |   146 |   437 |   737 |   562 |   595 |   783 |   306 ||  3786
       Deflected         |       |       |       |       |     3 |    43 |    43 |    24 |     4 ||   117
Block: Other             |       |       |       |       |   119 |    85 |       |       |       ||   204
       Reflection        |       |       |       |       |     2 |    38 |    74 |    26 |     7 ||   147
       Buckler           |       |       |       |       |       |   116 |   408 |   463 |   201 ||  1188
